[Event "*** Titled Tuesday Blitz"]
[Site "Chess.com"]
[Date "2018.08.07"]
[Round "8"]
[White "guillembaches"]
[Black "Orest_Vovk"]
[Result "0-1"]
[WhiteElo "2245"]
[BlackElo "2335"]
[TimeControl "180+2"]
[EndTime "14:51:00 PDT"]
[Termination "Orest_Vovk won on time"]

1. d4 e5 2. dxe5 Nc6 3. Nf3 Qe7 4. g3 Nxe5 5. Bg2 Nf6 6. O-O d5 7. Nc3 c6 8. Nxe5 Qxe5 9. Bf4 Qh5 10. e4 Bg4 11.
Qd4 c5 12. Qe5+ Qxe5 13. Bxe5 d4 14. Bxf6 gxf6 15. Nd5 O-O-O 16. Nxf6 Be6 17. e5 Bg7 18. f4 Bxf6 19. exf6 h5 20. f5 Bd5 21. Bxd5 Rxd5 22. Rae1 Rh6 23. Re8+ Kc7 24. Re7+ Rd7 25. Re5 b6 26.
Rfe1 Rxf6 27. Kf2 d3 28. cxd3 Rxd3 29. R1e3 Rd2+ 30. Kf3 Rxb2 31. Kf4 Rxh2 32. Re7+ Kc6 33. Kg5 Rd6 34. Rxf7 Rxa2 35. Kxh5 Rf2 36. g4 a5 37. g5 Rg2 38. g6 a4 39. g7 Rd1 40. Rh3 a3 41. f6 a2 42. Ra7 Rf1 43. Rxa2 Rf5+ 44.
Kh4 Rg6 45. Rg3 Rfxf6 46. g8=Q Rxg8 47. Rxg8 b5 48. Rc8+ Kb6 49. Rb2 b4 50. Rc2 Rc6 51.
Kg5 Rxc8 52. Rh2 Kb5 53. Kf5 Re8 0-1

[Event "*** Titled Tuesday Blitz"]
[Site "Chess.com"]
[Date "2018.08.07"]
[Round "8"]
[White "2Tilted"]
[Black "ruvat"]
[Result "0-1"]
[WhiteElo "2325"]
[BlackElo "2279"]
[TimeControl "180+2"]
[EndTime "14:51:00 PDT"]
[Termination "ruvat won by resignation"]

1. d4 d6 2. Nf3 g6 3. c4 Bg7 4.
Nc3 Bg4 5. e4 Nc6 6. Be3 Bxf3 7.
gxf3 e5 8. d5 Nd4 9. Be2 c5 10.
dxc6 bxc6 11. f4 Qh4 12. fxe5 dxe5 13. Qa4 Ne7 14. Rd1 O-O 15. Rd2 Rfd8 16. Qd1 Bh6 17. Bxh6 Qxh6 18. Rd3 Qh4 19. Qd2 Rab8 20. b3 Kg7 21.
Nb1 Ng8 22. Nc3 Nf6 23. Re3 Nxb3 24. Qxd8 Rxd8 25. axb3 Rd4 26. O-O Nxe4 27. Nxe4 Rxe4 28. Bf3 Rxe3 29. fxe3 e4 30. Bg2 Qg5 31. Rf4 f5 32.
h4 Qe7 33. Rf1 Qc5 34. Kf2 Qb4 35. Rd1 Qxb3 36. Rd7+ Kh6 37. Rxa7 Qxc4 38. Bf1 Qc3 39. Be2 Qe5 40. h5 Qh2+ 41. Ke1 g5 42. Rf7 Qe5 43. Rf8 g4 44. Kf2 Kxh5 45. Kg2 Qe6 46. Rh8 Kg6 47.
Rd8 h5 48. Rd1 h4 49. Rd8 h3+ 50. Kg1 g3 51. Kh1 Qa2 52. Rd6+ Kg5 53. Rd8 Qxe2 54. Rg8+ Kf6 55. Rxg3 Qf1+ 56. Kh2 Qg2+ 57. Rxg2 hxg2 58. Kxg2 Ke5 59. Kf2 f4 60. exf4+ Kxf4 61. Ke2 e3 62. Kd3 Kf3 63. Kc4 e2 64. Kc5 e1=Q 65. Kxc6 Qd2 66. Kb5 Ke4 67. Kc5 Qd4+ 0-1

[Event "*** Titled Tuesday Blitz"]
[Site "Chess.com"]
[Date "2018.08.07"]
[Round "8"]
[White "Alopekos"]
[Black "FearNoEvil12"]
[Result "1-0"]
[WhiteElo "2451"]
[BlackElo "1947"]
[TimeControl "180+2"]
[EndTime "14:51:05 PDT"]
[Termination "Alopekos won by resignation"]

1. e4 a6 2. d4 b5 3. Bd3 Bb7 4. Nf3 e6 5. O-O Nf6 6. e5 Nd5 7. c3 d6 8. Re1 Nd7 9. exd6 cxd6 10. Ng5 N7f6 11. a4 h6 12. Nf3 Bc6 13. axb5 axb5 14. Rxa8 Qxa8 15. Na3 Qb7 16. Nxb5 Bxb5 17. c4 Bc6 18. cxd5 Bxd5 19. Qa4+ Bc6 20. Ba6 Qa8 21. Qc4 Be7 22. d5 Bxd5 23. Bb5+ Kf8 24. Qc7 Qd8 25.
Qa7 Bxf3 26. gxf3 Nd5 27. Bd2 Kg8 28. Bd3 g6 29. Be4 Nf6 30. Bd3 Kg7 31. Bc3 e5 32. f4 Re8 33. fxe5 dxe5 34. Rxe5 Qxd3 35. Rxe7 Qd1+ 36.
Kg2 Qg4+ 37. Kf1 Qc4+ 38. Kg1 Qg4+ 39. Kf1 Qd1+ 40. Re1 Qd3+ 41. Kg2 Qd5+ 42. f3 Rxe1 43. Bxe1 Qg5+ 44. Kf1 Qf4 45. Kg2 Qg5+ 46. Bg3 Nh5 47.
Qd4+ Kh7 48. b4 Qb5 49. Qc5 Qe2+ 50. Kg1 Qd1+ 51. Kg2 Qe2+ 52. Qf2 Qb5 53. Bd6 Qg5+ 54. Kf1 Qb5+ 55. Ke1 Nf6 56. Qd4 Nd5 57. Bf8 f6 58.
Bc5 Kg8 59. Qxd5+ Kg7 60. Bf8+ Kxf8 61. Qxb5 1-0

[Event "*** Titled Tuesday Blitz"]
[Site "Chess.com"]
[Date "2018.08.07"]
[Round "8"]
[White "tteshan"]
[Black "chess4life23"]
[Result "1-0"]
[WhiteElo "2071"]
[BlackElo "2283"]
[TimeControl "180+2"]
[EndTime "14:51:08 PDT"]
[Termination "tteshan won by resignation"]

1. d4 Nf6 2. c4 g6 3. Nc3 d5 4.
cxd5 Nxd5 5. e4 Nxc3 6. bxc3 Bg7 7. Be3 O-O 8. Nf3 b6 9. Bd3 Ba6 10. O-O Qc8 11. Qe2 c5 12. Rac1 Rd8 13. Rfd1 Bb7 14.
Bb1 Nc6 15. h3 Na5 16. d5 Ba6 17. c4 Qb7 18. Bd2 Qc7 19. Bd3 e6 20. Bc3 exd5 21.
exd5 Re8 22. Qb2 Bxc3 23. Qxc3 Nb7 24. Nd2 Nd6 25. Re1 f5 26. Nf3 Qg7 27. Qxg7+ Kxg7 28. Rxe8 Rxe8 29. Ng5 Bc8 30. Kf1 h6 31. Nf3 Ba6 32. Nd2 g5 33. g3 f4 34. gxf4 gxf4 35. Kg2 Bc8 36. Rg1 Kf6 37. Kf3 Bxh3 38. Kxf4 Bf5 39. Bxf5 Nxf5 40. Ne4+ Rxe4+ 41. Kxe4 Nd6+ 42. Kd3 h5 43. Rg8 Nf7 44. Ke4 h4 45. Rf8 Ke7 46. Ra8 a5 47.
Rb8 Nd6+ 48. Kd3 h3 49. Rh8 b5 50. cxb5 c4+ 51. Kd4 c3 52. Kxc3 Nxb5+ 53. Kc4 Nd6+ 54. Kd3 Nf7 55. Rxh3 Kd6 56. Kd4 Kd7 57. Rh7 Ke8 58.
Rxf7 Kxf7 59. f4 1-0

[Event "*** Titled Tuesday Blitz"]
[Site "Chess.com"]
[Date "2018.08.07"]
[Round "8"]
[White "Arystanner23"]
[Black "NormWeinstein"]
[Result "1/2-1/2"]
[WhiteElo "2561"]
[BlackElo "2404"]
[TimeControl "180+2"]
[EndTime "14:51:08 PDT"]
[Termination "Game drawn by agreement"]

1. e4 c5 2. Nf3 d6 3. d4 Nf6 4.
Nc3 cxd4 5. Nxd4 Nc6 6. Bc4 Qb6 7. Nxc6 bxc6 8. O-O e6 9. Bb3 Be7 10. Kh1 O-O 11. f4 d5 12. e5 Nd7 13. Na4 Qc7 14. c4 Nb6 15. Nxb6 axb6 16. Be3 Ba6 17. cxd5 cxd5 18. Rc1 Qb7 19. Re1 g6 20. Qd2 Rac8 21. Bd4 Bc5 22. Rc3 Bb4 23. h3 Bc4 24. f5 exf5 25. e6 fxe6 26. Qe3 Bxc3 27. bxc3 Bxb3 28. Qxe6+ Qf7 29. Qe5 Qf6 30. Qxf6 Rxf6 31. Bxf6 Bxa2 32. Re7 Rc6 33. Bd4 h5 34. h4 Bc4 35. Kh2 Kf8 36. Rb7 b5 37. Kg3 Ke8 38. Kf4 Kd8 39. Be5 Kc8 40. Rg7 Bd3 41. Kg5 Rc4 42. g3 f4 43.
gxf4 b4 44. cxb4 Rxb4 45. Rc7+ Kd8 46. Rc5 Be4 47. Kf6 Rb6+ 48. Kf7 Kd7 49. Rc7+ Kd8 50. Ra7 Kc8 51. Rc7+ Kd8 52. Ra7 Kc8 53. Ke7 Rb7+ 54.
Rxb7 Kxb7 55. Kd6 Ka6 56. Kc5 Ka5 57. Kd4 Kb4 58. Bf6 Kb3 59. Bd8 Kc2 60. Be7 Kd2 61.
Bd8 Ke2 62. Be7 Kf3 63. Bd8 Kxf4 64. Be7 Kf5 65. Bd8 Ke6 66. Bg5 Kf5 67. Bd8 Kg4 68. Be7 Kg3 69. Bd8 Kf3 70. Be7 Kf4 71. Bd8 Kf5 72.
Be7 Ke6 73. Bd8 Bf3 74. Bg5 Kf5 75. Bd8 g5 76. Bxg5 Be4 77. Bd8 Kg6 78. Bg5 1/2-1/2

[Event "*** Titled Tuesday Blitz"]
[Site "Chess.com"]
[Date "2018.08.07"]
[Round "8"]
[White "PaulfromSPb"]
[Black "Litti"]
[Result "1-0"]
[WhiteElo "2581"]
[BlackElo "2459"]
[TimeControl "180+2"]
[EndTime "14:51:11 PDT"]
[Termination "PaulfromSPb won by resignation"]

1. e4 c5 2. Ne2 e6 3. g3 Nf6 4. Bg2 d5 5. exd5 exd5 6. d4 Nc6 7. O-O Bg4 8. h3 Bh5 9. Re1 Be7 10. dxc5 O-O 11.
g4 Bg6 12. Be3 Re8 13. Nbc3 Qa5 14. a3 Rad8 15. b4 Qc7 16. Nd4 Ne5 17. Bf4 Bf8 18. Bh2 Ne4 19. Ncb5 Qb8 20. f3 a6 21. fxe4 dxe4 22.
Nc3 a5 23. Nce2 h5 24. Qc1 hxg4 25. hxg4 Qc8 26. Bxe5 Rxe5 27. Qf4 Rde8 28. Ng3 e3 29. Ngf5 e2 30. c3 Qd8 31. Ra2 Bxf5 32. gxf5 axb4 33.
axb4 Re3 34. Raxe2 Rxe2 35. Rxe2 Rxe2 36. Nxe2 Qd1+ 37.
Bf1 Be7 38. Qb8+ Kh7 39. Qh2+ Kg8 40. Qb8+ Kh7 41. Qxb7 Bg5 42. Qe4 Qd2 43. f6+ g6 44. c6 Be3+ 45. Kg2 Bb6 46. Qe5 Qc2 47. b5 Qd2 48.
Qh2+ Kg8 49. Qb8+ Bd8 50. c7 Qd5+ 51. Kf2 Qc5+ 52. Ke1 Qxc7 53. Qxc7 Bxc7 54. c4 Bb6 55.
Nc3 Kf8 56. Nd5 Ba5+ 57. Ke2 Ke8 58. Bh3 Kd8 59. b6 Bxb6 60. Nxb6 Kc7 61. Nd5+ Kd6 62.
Kd3 Kc5 63. Bd7 Kd6 64. Be8 g5 65. Bxf7 1-0

[Event "*** Titled Tuesday Blitz"]
[Site "Chess.com"]
[Date "2018.08.07"]
[Round "8"]
[White "GadimbayliA"]
[Black "wonderfultime"]
[Result "0-1"]
[WhiteElo "2708"]
[BlackElo "2855"]
[TimeControl "180+2"]
[EndTime "14:51:16 PDT"]
[Termination "wonderfultime won by resignation"]

1. e4 c5 2. Nf3 d6 3. d4 cxd4 4. Nxd4 Nf6 5. Nc3 g6 6. Be3 Bg7 7. Qd2 Ng4 8. Bg5 Nc6 9. Nxc6 bxc6 10. f3 h6 11. Bh4 Nf6 12. Be2 Be6 13. O-O Qb6+ 14.
Bf2 Qxb2 15. a3 Qb8 16. Rab1 Qc7 17. Be3 O-O 18. Bxh6 Bxh6 19. Qxh6 Qa5 20. Qe3 Rab8 21. f4 Kg7 22. f5 Bd7 23. fxg6 fxg6 24. e5 Qxe5 25. Qxe5 dxe5 26. Bf3 Bf5 27. Rxb8 Rxb8 28.
Re1 Rb2 29. Rxe5 Rxc2 30. Rxe7+ Kf8 31. Re3 c5 32. h3 c4 33. Nb5 Bd3 34. Nxa7 Rb2 35.
Nc6 c3 36. Nb4 c2 37. Nxd3 Rb3 38. Re2 Rxd3 39. Rxc2 Rxa3 40. Kf2 Kg7 41. Rc6 Ra5 42. g4 g5 43. Be2 Re5 44. Bd3 Ra5 45. Bf5 Ra2+ 46.
Kg1 Ra7 47. Kg2 Kf7 48. h4 gxh4 49. g5 Ng8 50. Kh3 Ne7 51. Be6+ Kg7 52. Kxh4 Nxc6 53.
Bd5 Ne5 54. Bg2 Ra4+ 55. Kg3 Kg6 56. Kf2 Kxg5 57. Ke2 Kf4 58. Bc6 Ra2+ 59. Kd1 Ke3 60. Kc1 Nd3+ 61. Kb1 Rb2+ 62. Ka1 Rb6 63. Bd7 Kd4 64.
Bf5 Kc3 65. Ka2 Nc1+ 66. Ka1 Ne2 67. Be4 Nd4 68. Bd5 Nc2+ 0-1

[Event "*** Titled Tuesday Blitz"]
[Site "Chess.com"]
[Date "2018.08.07"]
[Round "8"]
[White "evgenysharapov"]
[Black "krzyzan94"]
[Result "1/2-1/2"]
[WhiteElo "2372"]
[BlackElo "2643"]
[TimeControl "180+2"]
[EndTime "14:51:25 PDT"]
[Termination "Game drawn - insufficient material"]

1. e4 g6 2. d4 Bg7 3. Nc3 d6 4. f4 a6 5. Nf3 b5 6. e5 Bb7 7.
Bd3 Nd7 8. Be4 Bxe4 9. Nxe4 Nh6 10. Be3 O-O 11. O-O c5 12. c3 cxd4 13. cxd4 Ng4 14. Qe2 Qb6 15. Bf2 Nxf2 16. Qxf2 Rac8 17. Rfc1 dxe5 18. dxe5 f6 19. Qxb6 Nxb6 20. exf6 exf6 21. Nc5 f5 22. Nxa6 Bxb2 23. Rxc8 Rxc8 24. Rb1 Nc4 25. Nb4 Ra8 26. Ne1 Bd4+ 27. Kh1 Nd2 28. Rd1 Bc3 29.
Nec2 Ne4 30. Rd5 Rc8 31. g3 Bxb4 32. Nxb4 Rc1+ 33. Kg2 Rb1 34. Rxb5 Rb2+ 35. Kf3 Rxh2 36. a4 Rh3 37. Rb8+ Kg7 38. a5 Rxg3+ 39. Ke2 Ra3 40. a6 h5 41. Rb7+ Kh6 42. a7 h4 43. Nc6 h3 44.
Rb8 Ng3+ 45. Kd2 Ne4+ 46. Kc2 Ra2+ 47. Kb3 Rxa7 48. Nxa7 Kh5 49. Rh8+ Kg4 50. Nb5 Ng3 51. Nd4 Nh5 52. Ra8 h2 53. Ra1 Ng3 54. Kc4 h1=Q 55.
Rxh1 Nxh1 56. Ne6 Ng3 57. Kd5 Nh5 58. Ke5 Kg3 59. Nf8 Nxf4 60. Nxg6 Nxg6+ 61. Kxf5 1/2-1/2

[Event "*** Titled Tuesday Blitz"]
[Site "Chess.com"]
[Date "2018.08.07"]
[Round "8"]
[White "nitpicker"]
[Black "Morshynska"]
[Result "1-0"]
[WhiteElo "2131"]
[BlackElo "2126"]
[TimeControl "180+2"]
[EndTime "14:51:31 PDT"]
[Termination "nitpicker won by resignation"]

1. d4 Nf6 2. c4 e6 3. g3 Bb4+ 4. Bd2 Qe7 5. Bg2 Nc6 6. Nf3 Ne4 7. O-O Nxd2 8. Nbxd2 d5 9. Rc1 O-O 10. a3 Bxd2 11.
Qxd2 Rd8 12. Qc3 Bd7 13. b4 dxc4 14. Qxc4 a6 15. e4 Rac8 16. Qc5 Qxc5 17. Rxc5 b6 18. Rc2 Be8 19. Rd1 Na7 20. Bf1 Ba4 21. Rcd2 Bxd1 22. Rxd1 Nb5 23. a4 Nc3 24. Rc1 Nxe4 25. Bxa6 Ra8 26.
Bb7 Rxa4 27. Bxe4 Rxb4 28. Rxc7 f5 29. Bb7 h6 30. Bc8 Rd6 31. Re7 g5 32. Bxe6+ Kf8 33.
Rf7+ Ke8 34. d5 f4 35. Ne5 fxg3 36. hxg3 Re4 37. Nc6 Re1+ 38. Kg2 b5 39. Rc7 Kf8 40. Rc8+ Kg7 41. Nd4 b4 42. Nf5+ Kf6 43. Nxd6 b3 44. Nc4 Rc1 45. Rb8 Rxc4 46. Rxb3 Rd4 47. Rf3+ Kg6 48. Bf7+ Kg7 49. Be6 h5 50. Kf1 h4 51.
gxh4 gxh4 52. Ke2 Kg6 53. Ke3 Rd1 54. Ke4 Kg5 55. Rd3 Re1+ 56. Kf3 Rh1 57. d6 1-0

[Event "*** Titled Tuesday Blitz"]
[Site "Chess.com"]
[Date "2018.08.07"]
[Round "8"]
[White "ChessicallyInclined"]
[Black "saraswathii"]
[Result "0-1"]
[WhiteElo "2345"]
[BlackElo "2306"]
[TimeControl "180+2"]
[EndTime "14:51:35 PDT"]
[Termination "saraswathii won by resignation"]

1. b3 Nf6 2. Bb2 g6 3. e4 Bg7 4. e5 Nd5 5. c4 Nb6 6. d4 d6 7. Nf3 dxe5 8. Nxe5 Bxe5 9. dxe5 Qxd1+ 10. Kxd1 O-O 11. Nd2 Bf5 12. h3 h5 13. Be2 Rd8 14. g4 Bd3 15. Bxd3 Rxd3 16. Kc2 Rd7 17. e6 Rd6 18. exf7+ Kxf7 19. g5 Nc6 20. Rae1 Re6 21. Ne4 Nb4+ 22. Kb1 Nd3 23. Re3 Rd8 24. Rd1 Rd7 25.
c5 Nxb2 26. Rxd7 Nxd7 27. Kxb2 Ne5 28. Kc3 Kg7 29. Nd2 Kf7 30. a4 Nc6 31. b4 Rxe3+ 32. fxe3 Ke6 33. Nf3 Kf5 34. b5 Ne5 35. Nd4+ Kxg5 36.
Ne6+ Kh4 37. Nxc7 Kxh3 38. a5 g5 39. c6 bxc6 40. b6 axb6 41. a6 g4 42. a7 g3 43.
Ne6 Ng6 44. a8=Q g2 45. Qg8 g1=Q 46. Nf4+ Kh2 47. Nxg6 Qxe3+ 48. Kc2 h4 49. Qf7 h3 50. Nxe7 Kg1 51. Nf5 Qf2+ 52. Kd3 h2 53. Qg7+ Qg2 54.
Qd4+ Qf2 55. Qg4+ Qg2 56. Qd4+ Kh1 57. Qe3 Qd5+ 58. Nd4 c5 59. Qe1+ Kg2 60. Qe2+ Kg3 61. Qe3+ Kg4 62. Qe2+ Kg5 63. Qe7+ Kg6 64. Qe8+ Kf6 65.
Qh8+ Ke7 66. Qh7+ Kd8 67. Qh8+ Kd7 68. Qh3+ Kc7 69. Qxh2+ Kb7 70. Qh7+ Ka6 71. Qg7 Qxd4+ 72. Qxd4 cxd4 73. Kxd4 Kb5 74. Kc3 Ka4 75. Kb2 Kb4 76. Kc2 Ka3 77. Kb1 b5 78. Ka1 b4 79. Kb1 Kb3 80. Ka1 Kc2 81. Ka2 b3+ 0-1

[Event "*** Titled Tuesday Blitz"]
[Site "Chess.com"]
[Date "2018.08.07"]
[Round "8"]
[White "chenrip"]
[Black "Mimsychess"]
[Result "1-0"]
[WhiteElo "2421"]
[BlackElo "2269"]
[TimeControl "180+2"]
[EndTime "14:51:35 PDT"]
[Termination "chenrip won on time"]

1. e4 e5 2. Nf3 Nc6 3. d4 exd4 4. Nxd4 Bc5 5. Be3 Qf6 6. c3 Nge7 7. Bc4 Ne5 8. Bb3 d6 9. h3 O-O 10. O-O Qg6 11. Kh2 Qxe4 12. Nd2 Qh4 13. N2f3 Ng4+ 14.
Kg1 Nxe3 15. Nxh4 Nxd1 16. Raxd1 d5 17. Nb5 c6 18. Nd4 Ng6 19. Nhf3 Re8 20. Rfe1 Bd7 21. Bc2 f6 22. Kf1 Ne5 23. Nd2 a5 24. N4b3 Bb6 25.
a4 c5 26. Nc1 d4 27. Ne4 Bc6 28. f4 Nc4 29. b3 Ne3+ 30. Rxe3 dxe3 31. Ng3 Rad8 32.
Nd3 c4 33. bxc4 e2+ 34. Nxe2 Re3 35. c5 Bc7 36. Kf2 Rde8 37. Nd4 R3e4 38. g3 Re3 39.
Rd2 R3e4 40. Nc1 Re3 41. Nf5 Rxc3 42. Ne2 Rxc5 43. Ned4 Be4 44. Bxe4 Rxe4 45. Ne3 g6 46. Nb5 Re7 47. Nd5 Rxd5 48. Rxd5 Bb6+ 49. Kf3 Re3+ 50.
Kg2 Re4 51. Rd7 Rxa4 52. Rxb7 Bc5 53. Rc7 Bf8 54. Ra7 Ra2+ 55. Kf3 a4 56. f5 a3 57. fxg6 hxg6 58. Kg4 Ra1 59. h4 a2 60. Nc3 f5+ 61. Kg5 Rg1 62. Nxa2 Rxg3+ 63. Kf6 Rg4 64. Nc3 Rc4 65.
Nd5 Rc6+ 66. Kg5 Rd6 67. Nf6+ 1-0

[Event "*** Titled Tuesday Blitz"]
[Site "Chess.com"]
[Date "2018.08.07"]
[Round "8"]
[White "Tjktiger"]
[Black "MITerryble"]
[Result "0-1"]
[WhiteElo "2547"]
[BlackElo "2772"]
[TimeControl "180+2"]
[EndTime "14:51:37 PDT"]
[Termination "MITerryble won by resignation"]

1. d4 e6 2. c4 Bb4+ 3. Nd2 Nf6 4. Nf3 O-O 5. g3 b6 6. Bg2 Bb7 7. O-O Bxd2 8. Qxd2 d6 9. b3 Nbd7 10. Bb2 Re8 11. Rfe1 Qe7 12. Rad1 a5 13. Qc1 a4 14. b4 e5 15. d5 b5 16. Nd2 Nb6 17. e4 bxc4 18. Nxc4 Ba6 19. Na5 Bb5 20. f4 Nfd7 21. Nc6 Qf8 22. fxe5 dxe5 23. a3 Qd6 24. Na5 h5 25.
Qg5 Nf6 26. Rc1 Rxa5 27. bxa5 Nc4 28. Bf1 Ng4 29. Qxh5 Qc5+ 30. Kh1 Nf2+ 31. Kg2 Nxe4 32. Rxe4 Qxd5 33. Qf3 Nd2 34. Qe3 Bxf1+ 35. Rxf1 Nxe4 36. Qf3 Rb8 37. Bc1 Qa2+ 38. Kg1 Nd6 39. a6 e4 40. Qc3 Qc4 41. Qa5 Ra8 42. a7 Qd4+ 43. Kh1 Rxa7 44. Qg5 Ra8 45. Be3 Qc4 46. Kg1 Re8 47. Rc1 Qe6 48. Rxc7 Nf5 49. Rc3 Qe5 50. Rc1 f6 51. Qf4 Qxf4 52. Bxf4 e3 53. Re1 g5 54. Bc7 Nd4 55. Kg2 Nc2 56. Re2 Nxa3 57. Bb6 Nc4 58. Bd4 Kf7 59. Kf3 Nd2+ 60. Kg4 Re4+ 61. Kh5 Rxd4 0-1

[Event "*** Titled Tuesday Blitz"]
[Site "Chess.com"]
[Date "2018.08.07"]
[Round "8"]
[White "Laico"]
[Black "GMKrikor"]
[Result "0-1"]
[WhiteElo "2275"]
[BlackElo "2762"]
[TimeControl "180+2"]
[EndTime "14:51:40 PDT"]
[Termination "GMKrikor won by checkmate"]

1. e4 c5 2. Nc3 e6 3. f4 d5 4. Nf3 Nc6 5. Bb5 Ne7 6. exd5 Nxd5 7.
Bxc6+ bxc6 8. Ne5 Bd6 9. d3 O-O 10. O-O f6 11. Nc4 Bc7 12. Ne4 Qe7 13. Qe1 e5 14. f5 Nf4 15. Be3 Bxf5 16. Bxc5 Qd7 17. Bxf8 Rxf8 18. Kh1 Bg6 19. Qg3 Qd4 20. Rae1 Qd5 21. Qe3 Bb8 22. Qf3 Bh5 23. Qg3 Bg6 24. Qf3 Bh5 25. Qg3 Bg6 26. Ne3 Qd7 27. Nc4 Rd8 28.
Qe3 h6 29. Qg3 Kh7 30. Rf3 Re8 31. Rfe3 Nd5 32. R3e2 Nf4 33. Rf2 Nd5 34. Nc5 Qe7 35. Ne4 Qb4 36. Rff1 Nf4 37. a3 Qe7 38. Qf3 Qd7 39. Nc3 Bh5 40. Qg3 Bf7 41. Ne4 Bd5 42.
Rf2 a6 43. Nc5 Qf7 44. Ne4 Qc7 45. Qe3 Ba7 46. Qd2 Bxf2 47. Qxf2 Qd7 48. Qg3 Qe7 49. Ncd6 Rd8 50. Nf5 Qd7 51. Ne3 Be6 52. Kg1 Qa7 53. Kh1 c5 54. Nc4 Qc7 55. Ne3 Qb6 56. b3 Qa5 57. a4 Qc7 58. Qf2 Qc6 59. g3 Rxd3 60. gxf4 Qxe4+ 61. Ng2 Qf3 62. Qxc5 Bd5 63. Qg1 Rd2 64.
fxe5 Rxg2 65. Qxg2 Qxg2# 0-1

[Event "*** Titled Tuesday Blitz"]
[Site "Chess.com"]
[Date "2018.08.07"]
[Round "8"]
[White "FairChess_on_YouTube"]
[Black "Annawel"]
[Result "1/2-1/2"]
[WhiteElo "2952"]
[BlackElo "2795"]
[TimeControl "180+2"]
[EndTime "14:51:42 PDT"]
[Termination "Game drawn - insufficient material"]

1. e4 c5 2. Nc3 a6 3. g3 b5 4. Bg2 Bb7 5. Nge2 e6 6. d4 cxd4 7.
Nxd4 Nf6 8. O-O b4 9. Na4 Bxe4 10. Bxe4 Nxe4 11. Re1 d5 12. Nxe6 fxe6 13. Qh5+ g6 14. Qe5 Qf6 15. Rxe4 Qxe5 16. Rxe5 Kf7 17. Re3 Nd7 18.
Rf3+ Ke8 19. Bd2 Rc8 20. Re1 Rc6 21. c3 a5 22. b3 Be7 23. Rfe3 Kf7 24. Rf3+ Ke8 25.
Nb2 Rf8 26. Rxf8+ Kxf8 27. Rc1 e5 28. c4 Nb6 29. cxd5 Rxc1+ 30. Bxc1 Nxd5 31. Nc4 Nc3 32. Bh6+ Kf7 33. Nxe5+ Ke6 34. Nc6 a4 35. bxa4 Bc5 36. Kf1 Nxa2 37. Ke2 Nc3+ 38. Kd3 Kd5 39. Nxb4+ Bxb4 40. Bd2 Na2 41. a5 Bxd2 42. Kxd2 Nb4 43. Ke3 Ke5 44.
f4+ Kf5 45. Kf3 Na6 46. g4+ Ke6 47. Ke3 Nc5 48. h3 Kd5 49. h4 Ke6 50. Ke2 h6 51. Kf3 Kd5 52. Ke3 Ke6 53. Kf3 Kd5 54. Ke3 Kd6 55. Kf3 Ke6 56. Ke2 Kd5 57. Ke3 Na6 58. g5 h5 59. f5 gxf5 60. Kf4 Ke6 61. g6 Kf6 62. g7 Kxg7 63. Kxf5 Kh6 64. Kf6 Kh7 65. Kg5 Kg7 66. Kxh5 Kf6 67. Kg4 Kg6 68. Kf4 Kh5 69. Ke5 Kxh4 70. Kd6 Kg5 71. Kc6 Kf6 72.
Kb6 Nb4 73. Kc5 Na6+ 74. Kb5 Nc7+ 75. Kb6 Nd5+ 76. Kc5 Nc7 77. Kc6 Na6 78. Kb6 Nb4 79. Kb5 Nd5 80. a6 Nc7+ 81. Kc6 Nxa6 1/2-1/2

[Event "*** Titled Tuesday Blitz"]
[Site "Chess.com"]
[Date "2018.08.07"]
[Round "8"]
[White "djamir"]
[Black "DoctorSocrates"]
[Result "0-1"]
[WhiteElo "2638"]
[BlackElo "2561"]
[TimeControl "180+2"]
[EndTime "14:52:23 PDT"]
[Termination "DoctorSocrates won by resignation"]

1. e4 e6 2. d4 d5 3. Nd2 Nc6 4. Ngf3 Nf6 5. exd5 exd5 6. Bb5 Bd7 7. O-O Be7 8. c3 O-O 9. Re1 Bd6 10. Nf1 Ne7 11.
Bd3 Bf5 12. Ng3 Bxg3 13. hxg3 Bxd3 14. Qxd3 Ne4 15. Ng5 Nxg5 16. Bxg5 f6 17. Bf4 Qd7 18. Re2 Ng6 19. Rae1 c6 20. Bd2 Rfe8 21. Kf1 Kf7 22.
Rxe8 Rxe8 23. Rxe8 Qxe8 24. Qf5 Qe6 25. Qh5 Qe4 26. Qd1 Qd3+ 27. Kg1 Ne7 28. Qh5+ Qg6 29. Qxg6+ Kxg6 30. Kf1 h6 31. Ke2 h5 32. Kf3 Kf5 33. Bf4 g5 34. Bd6 Ng6 35. Ke2 Ke6 36. Bb8 a6 37. Kf3 Ne7 38. g4 h4 39. Bh2 f5 40.
Be5 Ng6 41. Bb8 Nh8 42. Be5 Nf7 43. gxf5+ Kxf5 44. g4+ hxg3 45. Bxg3 g4+ 46. Ke3 Ng5 47. Bf4 Ne4 48. Bb8 Ng5 49. Bc7 Nf3 50. Bb8 b5 51. Bd6 a5 52. Bc7 a4 53. b3 axb3 54. axb3 Ng5 55.
Bd8 Ne4 56. Ba5 Kg5 57. c4 Kh4 58. cxb5 cxb5 59. f3 gxf3 60. Kxf3 Kg5 61. Ke3 Kf5 62. Be1 Kg4 63. Ba5 Kg3 64. Bc7+ Kg4 65. Ba5 Ng3 66. Be1 Nf5+ 67. Kd3 Kf3 68. Bd2 Ng3 69. Be1 Nh5 70.
Bd2 Nf4+ 71. Bxf4 Kxf4 72. Kc3 Ke3 73. Kb4 Kxd4 74. Kxb5 Kc3 75. Kc5 d4 76. b4 d3 77.
b5 d2 78. b6 d1=Q 79. Kc6 Kc4 80. Kc7 Kc5 81. b7 Qd6+ 82. Kc8 Qc6+ 83. Kb8 Kb6 0-1

[Event "*** Titled Tuesday Blitz"]
[Site "Chess.com"]
[Date "2018.08.07"]
[Round "8"]
[White "Kimster98"]
[Black "timator"]
[Result "1/2-1/2"]
[WhiteElo "2506"]
[BlackElo "2375"]
[TimeControl "180+2"]
[EndTime "14:57:37 PDT"]
[Termination "Game drawn by 50-move rule"]

1. d4 Nf6 2. c4 e6 3. Nf3 b6 4. g3 Ba6 5. b3 Bb4+ 6. Bd2 Be7 7. Nc3 O-O 8. Bg2 c6 9. e4 d5 10. exd5 cxd5 11. Ne5 Nbd7 12. O-O Rc8 13. Re1 dxc4 14. Nc6 Qe8 15. Nxa7 Rd8 16. Nc6 Rc8 17. Na7 Rd8 18. Nc6 Rc8 19. d5 Nc5 20. Nxe7+ Qxe7 21. dxe6 Nxe6 22. bxc4 Bxc4 23. Qb1 b5 24. Ne4 Nxe4 25. Bxe4 h6 26. Bb4 Qf6 27. Bxf8 Rxf8 28. a4 Nd4 29. axb5 Bxb5 30. Ra8 Ne2+ 31. Kg2 Rxa8 32. Bxa8 Nd4 33. Qe4 g6 34. Bd5 Kg7 35. Qe5 Bc6 36. Qxf6+ Kxf6 37. Bxc6 Nxc6 38. Rc1 Ne5 39. Rc7 Ke6 40. Ra7 h5 41.
Ra6+ Ke7 42. h3 Nd7 43. Ra7 Ke6 44. Ra6+ Ke7 45. Ra1 Kf6 46. Re1 Ne5 47. f4 Nc6 48. Rc1 Nd4 49. Rc4 Nf5 50. Rc6+ Kg7 51. Ra6 Nd4 52. Kf2 Ne6 53. Kf3 Nd4+ 54. Kf2 Ne6 55. Ke3 Kf6 56. Ke4 Kg7 57. Rc6 Kf6 58.
Ra6 Kg7 59. Rd6 Kf6 60. Rc6 Kg7 61. Ke5 Nf8 62. Rd6 Nh7 63. g4 hxg4 64. hxg4 Nf8 65. g5 Nh7 66. Rd7 Nf8 67. Rd6 Nh7 68. Rd7 Nf8 69.
Re7 Nh7 70. f5 gxf5 71. Kxf5 Nf8 72. Ra7 Ng6 73. Rb7 Nh4+ 74. Kg4 Ng6 75. Rb5 Nf8 76. Kf5 Ng6 77. Rb6 Nh4+ 78. Kg4 Ng6 79. Rf6 Ne5+ 80. Kf5 Nd7 81. Rd6 Nf8 82. Rf6 Nd7 83. Rc6 Nf8 84. Rd6 Nh7 85. Rb6 Nf8 86. Ra6 Nh7 87. Ra7 Nf8 88.
Ra1 Ng6 89. Rh1 Ne7+ 90. Kg4 Nd5 91. Re1 Nc7 92. Kf5 Ne6 93. g6 Nd4+ 94. Ke4 Ne6 95. gxf7 Kxf7 96. Ke5 Ng7 97. Rf1+ Kg6 98. Rg1+ Kf7 99.
Ra1 Kg6 100. Ra6+ Kf7 101. Rb6 Nh5 102. Kf5 Ng7+ 103. Kg5 Ne6+ 104. Kg4 Kf6 105. Rb5 Ng7 106. Rc5 Ne6 107. Rf5+ Kg6 108. Re5 Kf6 109. Re4 Ng7 110. Ra4 Ne6 111. Kf3 Ke5 112. Ke3 Nc5 113. Rh4 Ne6 114. Rh5+ Kf6 115. Ke4 Ng5+ 116. Kd5 Kf5 117. Rh8 Ne4 118. Rf8+ Nf6+ 119. Kd6 Kg6 120. Ke6 Nh5 121. Rg8+ Ng7+ 122. Ke7 Kh6 123. Kf7 Nh5 124. Rg4 Kh7 125. Rg5 Kh6 126. Rg4 Kh7 127. Rg6 Nf4 128. Rf6 Nh5 129. Rb6 Nf4 130. Rb4 Nh5 131. Rb6 Nf4 132. Rc6 Nh5 133. Ra6 Nf4 134. Kf6 Nh5+ 135. Kg5 Ng7 136. Ra7 Kg8 137. Kg6 Ne8 138. Rd7 Kf8 139. Rh7 Kg8 140. Re7 Kf8 141. Re1 Nd6 142. Re6 Ne8 143. Re3 Nd6 144. Kf6 Ne8+ 145. Ke6 Ng7+ 146. Kd7 Kf7 147. Rf3+ Kg6 148. Rf1 Nf5 149. Ke6 Ng7+ 150. Ke5 Nh5 151. Rf3 Ng7 152. Rf8 Nh5 153. Rg8+ Kf7 154.
Rg5 Ng7 155. Rg2 Nh5 156. Rg1 Ng7 157. Rg5 Ne6 158. Rf5+ Ke7 159. Rf6 Ng7 160. Ra6 Kf7 161. Ra7+ Kg6 162. Rb7 Nh5 1/2-1/2

[Event "*** Titled Tuesday Blitz"]
[Site "Chess.com"]
[Date "2018.08.07"]
[Round "9"]
[White "Slovak_fighter2000"]
[Black "gmjlh"]
[Result "0-1"]
[WhiteElo "2406"]
[BlackElo "2724"]
[TimeControl "180+2"]
[EndTime "15:00:00 PDT"]
[Termination "gmjlh won by resignation"]

1. d4 d5 2. Nf3 Nf6 3. Bf4 e6 4. e3 Bd6 5. Bg3 O-O 6. Bd3 c5 7. c3 Qc7 8. Nbd2 Nbd7 9. O-O e5 10. dxe5 Nxe5 11. Nxe5 Bxe5 12. Nf3 Bxg3 13. hxg3 Bd7 14. c4 dxc4 15. Bxc4 Bc6 16. Qe2 Rae8 17. Bb5 Ng4 18.
Bxc6 Qxc6 19. Nh2 Nxh2 20. Kh1 Nxf1 0-1

[Event "*** Titled Tuesday Blitz"]
[Site "Chess.com"]
[Date "2018.08.07"]
[Round "9"]
[White "ShadyH9"]
[Black "aa175"]
[Result "1-0"]
[WhiteElo "2240"]
[BlackElo "1917"]
[TimeControl "180+2"]
[EndTime "15:00:47 PDT"]
[Termination "ShadyH9 won by checkmate"]

1. d4 e5 2. dxe5 Nc6 3. Nf3 Qe7 4. e3 Nxe5 5. Be2 Nf6 6. O-O d6 7. c4 Nxf3+ 8. Bxf3 g6 9. Nc3 Bg7 10. b3 Ne4 11. Nd5 Bxa1 12. Nxe7 Nc3 13. Qc2 Kxe7 14. Bd2 Bf5 15. e4 Nxe4 16. Bxe4 Bxe4 17. Qxe4+ Be5 18.
f4 f5 19. Qe3 Ke6 20. Bc3 Rhe8 21. fxe5 dxe5 22. Qxe5+ Kd7 23. Rd1+ Kc6 24. Qb5# 1-0